 Dungeon Crawl Stone Soup version 0.24-a0-479-g9a978d2894 (webtiles) character file.

Game seed: 8650082082071699853

19606 gruber the Destroyer (level 12, -1/83 HPs)
             Began as an Octopode Conjurer on July 8, 2019.
             Was a Priest of Vehumet.
             Slain by a merfolk
             ... wielding a +0 trident
              (22 damage)
             ... on level 3 of the Lair of Beasts.
             The game lasted 00:41:58 (16211 turns).

gruber the Destroyer (Octopode Conjurer)           Turns: 16211, Time: 00:41:58

Health: -1/83      AC: 16    Str: 20    XL:     12   Next: 70%
Magic:  0/24       EV: 15    Int: 22    God:    Vehumet [***...]
Gold:   713        SH:  0    Dex:  7    Spells: 7/28 levels left

rFire    + + +     SeeInvis .   s - +4 lajatang (protect)
rCold    + . .     Gourm    .   (shield currently unavailable)
rNeg     . . .     Faith    .   (helmet restricted)
rPois    +         Spirit   +   G - amulet of guardian spirit
rElec    .         Reflect  .   e - +6 ring of protection
rCorr    .         Harm     .   P - ring of protection from magic
MR       +....                  R - ring of the Twelve Lovers {rF+ Str+7 Dex-4 Stlth+}
Stlth    +++++++...             q - ring of stealth
HPRegen  0.23/turn              p - ring of poison resistance
MPRegen  0.19/turn              D - +3 ring of dexterity
                                K - +2 ring of protection
                                Q - ring "Cuschoma" {rF+++ rC+ Str+5 Dex-4 Stlth+}

@: protection aura
A: almost no armour, stealthy swim, amphibious, 8 rings, constrict 8, camouflage
1, gelatinous body 1
a: Renounce Religion


You were on level 3 of the Lair of Beasts.
You worshipped Vehumet.
Vehumet was most pleased with you.
You were not hungry.

You visited 3 branches of the dungeon, and saw 16 of its levels.

You collected 857 gold pieces.
You spent 144 gold pieces at shops.

Inventory:

Hand Weapons
 s - a +4 lajatang of protection (weapon)
Missiles
 l - 59 poisoned darts (quivered)
 I - a throwing net
 M - 7 curare-tipped darts
Jewellery
 e - a +6 ring of protection (left tentacle)
 g - an uncursed ring of flight
 p - a ring of poison resistance (on tentacle)
 q - a ring of stealth (on tentacle)
 w - an uncursed ring of see invisible
 z - a cursed -2 ring of intelligence {unknown}
 D - a +3 ring of dexterity (on tentacle)
 G - an amulet of guardian spirit (around mantle)
 K - a +2 ring of protection (on tentacle)
 N - an uncursed ring of fire
 P - a ring of protection from magic (right tentacle)
 Q - the ring "Cuschoma" (on tentacle) {rF+++ rC+ Str+5 Dex-4 Stlth+}
   (You found it on level 11 of the Dungeon)

   [ring of strength]

   It affects your strength (+5).
   It affects your dexterity (-4).
   It renders you almost immune to fire.
   It protects you from cold.
   It makes you more stealthy.
 R - the ring of the Twelve Lovers (on tentacle) {rF+ Str+7 Dex-4 Stlth+}
   (You found it on level 12 of the Dungeon)

   [ring of stealth]

   It affects your strength (+7).
   It affects your dexterity (-4).
   It protects you from fire.
   It makes you more stealthy.
Wands
 y - a wand of paralysis (7)
 A - a wand of flame (6)
 F - a wand of acid (4)
 H - a wand of digging (10)
 J - a wand of random effects (24)
 S - a wand of polymorph (18)
Scrolls
 c - 11 scrolls of identify
 d - a scroll of teleportation
 h - 4 scrolls of fear {unknown}
 k - 7 scrolls of magic mapping {unknown}
 m - 3 scrolls of remove curse {unknown}
 o - 3 scrolls of enchant weapon {unknown}
 t - a scroll of immolation {unknown}
 u - 6 scrolls of enchant armour {unknown}
 B - a scroll of blinking {unknown}
 C - 2 scrolls of fog {unknown}
 E - 3 scrolls of noise {unknown}
 T - a scroll of amnesia {unknown}
Potions
 a - 2 potions of berserk rage
 f - 3 potions of heal wounds
 i - 3 potions of haste
 j - 7 potions of curing
 n - a potion of magic
 r - 2 potions of brilliance {unknown}
 v - 3 potions of might
 x - a potion of cancellation {unknown}
 O - a potion of resistance
Miscellaneous
 L - a phial of floods (inert)
Comestibles
 b - 23 rations


   Skills:
 - Level 8.2 Fighting
   Level 4.0(5.1) Maces & Flails
   Level 0.3(2.9) Polearms
 - Level 4.7(5.5) Staves
 - Level 8.0 Dodging
 - Level 7.1 Stealth
 * Level 8.8 Spellcasting
 - Level 11.6 Conjurations
 - Level 5.6 Fire Magic


You had 7 spell levels left.
You knew the following spells:

 Your Spells              Type           Power        Failure   Level  Hunger
a - Magic Dart            Conj           ####         1%          1    None
b - Searing Ray           Conj           ######       1%          2    None
c - Dazzling Spray        Conj/Hex       #####.       1%          3    None
d - Force Lance           Conj/Tloc      #####...     1%          4    ##.....
e - Throw Flame           Conj/Fire      #####.       1%          2    None
f - Fireball              Conj/Fire      #####.....   1%          5    #####..
g - Summon Butterflies    Summ           #.......     7%          1    None
h - Stone Arrow           Conj/Erth      #####.       1%          3    None

Your spell library contained the following spells:

 Spells                   Type           Power        Failure   Level  Hunger
 Olgreb's Toxic Radiance  Pois           #.......     17%         4    ##.....
 Flame Tongue             Conj/Fire      #####        1%          1    None
 Sandblast                Erth           #.....       1%          1    None
 Conjure Flame            Conj/Fire      #####...     1%          3    None
 Inner Flame              Hex/Fire       ###.....     1%          3    None
 Fulminant Prism          Conj/Hex       #####.....   1%          4    ##.....
 Iskenderun's Mystic Bla  Conj           ######..     1%          4    ##.....
 Sticky Flame             Conj/Fire      #####...     1%          4    ##.....
 Apportation              Tloc           #.....       7%          1    None
 Summon Small Mammal      Summ           #...         7%          1    None
 Call Imp                 Summ           #.......     11%         2    None
 Passwall                 Tmut/Erth      #.......     11%         2    None
 Call Canine Familiar     Summ           #.......     21%         3    None
 Lesser Beckoning         Tloc           #.........   21%         3    None
 Summon Guardian Golem    Hex/Summ       #.......     21%         3    None
 Tukima's Dance           Hex            #.......     21%         3    None
 Lee's Rapid Deconstruct  Erth           #.........   41%         5    #####..
 Petrify                  Tmut/Erth      #.......     56%         4    ##.....
 Summon Ice Beast         Ice/Summ       #.......     56%         4    ##.....
 Summon Lightning Spire   Summ/Air       #.......     56%         4    ##.....
 Alistair's Intoxication  Tmut/Pois      #.......     88%         5    #####..
 Invisibility             Hex            #.......     100%        6    ######.


Dungeon Overview and Level Annotations

Branches:
Dungeon (12/15)            Temple (1/1) D:7            Lair (3/6) D:10
 Shoals (0/4) Lair:3
  Snake: Lair:2-4    Spider: Lair:2-4       Orc: D:9-12

Altars:
Ashenzari
Cheibriados
Dithmenos
Elyvilon
Fedhas
Gozag
Hepliaklqana
Kikubaaqudgha
Makhleb
Nemelex Xobeh
Okawaru
Qazlal
Ru
Sif Muna
Trog
Uskayaw
Vehumet
Wu Jian
Xom
Yredelemnul
Zin
The Shining One

Shops:
D:4 *

Annotations:
D:3 Grinder
D:10 Erolcha, Snorg
D:12 Azrael


Innate Abilities, Weirdness & Mutations

You cannot wear most types of armour.
You are very stealthy in the water. (Stealth+)
You are amphibious.
You can wear up to eight rings at the same time.
You can use your tentacles to constrict eight enemies at once.
Your skin changes colour to match your surroundings (Stealth+).
Your rubbery body absorbs attacks. (AC +1, EV +1)


Message History

You kill the merfolk!
Vehumet accepts your kill.
You start resting.
A merfolk comes into view. It is wielding a +0 trident.
You slash the merfolk!
Your weapon exudes an aura of protection.
You grab the merfolk. You squeeze the merfolk!
The merfolk is heavily wounded.
You constrict the merfolk, but do no damage.
The merfolk hits you with a +0 trident!
* * * LOW HITPOINT WARNING * * *
Unknown command.
You feel much better.
You constrict the merfolk.
The merfolk hits you with a +0 trident!!
* * * LOW HITPOINT WARNING * * *
You hit the merfolk but do no damage. You squeeze the merfolk.
The merfolk is severely wounded.
You constrict the merfolk.
The merfolk hits you with a +0 trident!!
You die...

##.#..###.....
#P.#...##.....
######......##.....
#...P##P...###.....
##...........P......
#...................
##...#.#...<........
#....##............
##@..##............
##m...............
#.#...............
#..#...............
.≈..................
≈m≈.#.........
.......
≈m≈...#.........
>#..###......... .
..## .......... ..


You could see a merfolk.

Vanquished Creatures
  A hydra (D:11)
  2 two-headed ogres (D:8)
  Sonja (D:11)
  Pikel (D:7)
  2 cyclopes (D:11)
  3 ugly things (D:11)
  A black mamba (Lair:2)
  3 spiny frogs (Lair:2)
  A gargoyle (D:12)
  A kobold demonologist (D:10)
  2 merfolk (Lair:3)
  4 hippogriffs
  A wyvern (D:11)
  A spriggan (D:7)
  A wraith (D:9)
  13 yaks
  A vampire (D:11)
  A fire elemental (D:12)
  6 humans (D:7)
  2 hungry ghosts
  5 water moccasins
  6 porcupines
  An eye of draining (D:11)
  4 orc warriors
  3 ice beasts
  3 sky beasts
  3 phantoms
  3 slaves (D:7)
  4 ogres
  A necrophage (D:12)
  6 wolves (Lair:2)
  2 centaurs
  5 crocodiles
  3 big kobolds
  11 bullfrogs
  2 wyvern skeletons
  5 scorpions
  5 killer bees
  15 wights
  4 howler monkeys
  4 crimson imps
  2 centaur zombies
  A bullfrog zombie (D:12)
  4 human zombies (D:9)
  4 jellies
  4 centaur skeletons
  5 orc priests
  3 bullfrog skeletons
  10 orc wizards
  6 iguanas
  7 worker ants
  An ogre skeleton (D:9)
  A hound zombie (D:11)
  A mummy (D:9)
  A howler monkey zombie (D:9)
  A howler monkey skeleton (D:5)
  14 adders
  9 gnolls
  2 shadow imps
  An adder zombie (D:6)
  3 worms
  A dart slug (D:1)
  3 leopard geckos
  40 orcs
  6 giant cockroaches
  4 goblins
  6 hobgoblins
  4 jackals (D:7)
  3 quokkas
  A ball python (D:1)
  7 bats
  6 frilled lizards
  21 kobolds
  A leopard gecko zombie (D:5)
  An orc skeleton (D:9)
  An orc zombie (D:9)
  2 quokka skeletons
  10 rats
340 creatures vanquished.

Vanquished Creatures (others)
  An ooze (D:4)
  4 fungi
  20 plants (D:10)
  5 toadstools (D:6)
30 creatures vanquished.

Grand Total: 370 creatures vanquished

Notes
Turn   | Place    | Note
-------+----------+-------------------------------------------
     0 | D:1      | gruber the Octopode Conjurer began the quest for the Orb.
     0 | D:1      | Reached XP level 1. HP: 11/11 MP: 3/3
   242 | D:1      | Reached XP level 2. HP: 17/17 MP: 3/5
   475 | D:1      | Learned a level 2 spell: Searing Ray
   663 | D:2      | Found a deep blue altar of Sif Muna.
   697 | D:2      | Found an ancient bone altar of Kikubaaqudgha.
   724 | D:2      | Reached XP level 3. HP: 21/21 MP: 4/6
   732 | D:2      | Found a faded altar of an unknown god.
  1414 | D:3      | Found a white marble altar of Elyvilon.
  1612 | D:3      | Reached skill level 5 in Conjurations
  1633 | D:3      | Found a sacrificial altar of Ru.
  1827 | D:3      | Reached XP level 4. HP: 22/27 MP: 3/7
  1874 | D:3      | Learned a level 3 spell: Dazzling Spray
  2061 | D:3      | Noticed Grinder
  2166 | D:4      | Noticed an ogre
  2288 | D:4      | Reached XP level 5. HP: 22/31 MP: 1/9
  2549 | D:4      | Killed an ogre
  2549 | D:4      | Reached skill level 6 in Conjurations
  2609 | D:4      | Found a burning altar of Makhleb.
  2636 | D:4      | Reached XP level 6. HP: 36/36 MP: 6/11
  2661 | D:4      | Noticed a hungry ghost
  2699 | D:4      | Killed a hungry ghost
  2940 | D:4      | Found Waacishu's Assorted Antiques.
  2943 | D:4      | Bought a jade ring for 120 gold pieces
  2943 | D:4      | Bought a scroll labeled RUOCZU XOSS for 24 gold pieces
  3063 | D:5      | Entered Level 5 of the Dungeon
  3149 | D:5      | Noticed a phantom
  3179 | D:5      | Killed a phantom
  3179 | D:5      | Reached skill level 7 in Conjurations
  3179 | D:5      | Reached XP level 7. HP: 33/41 MP: 0/13
  3573 | D:5      | Found an opulent altar of Gozag.
  4191 | D:6      | Reached skill level 5 in Spellcasting
  4333 | D:6      | Reached XP level 8. HP: 33/46 MP: 10/16
  4395 | D:6      | Reached skill level 8 in Conjurations
  4708 | D:6      | Found a shimmering altar of Xom.
  5124 | D:6      | Learned a level 4 spell: Force Lance
  5127 | D:6      | Learned a level 2 spell: Throw Flame
  5133 | D:6      | Learned a level 5 spell: Fireball
  5284 | D:7      | Reached skill level 9 in Conjurations
  5361 | D:7      | Reached XP level 9. HP: 51/51 MP: 14/19
  5617 | D:7      | Found a staircase to the Ecumenical Temple.
  5633 | Temple   | Entered the Ecumenical Temple
  5948 | D:7      | Reached skill level 1 in Maces & Flails
  5948 | D:7      | Reached skill level 5 in Fire Magic
  6496 | D:7      | Noticed Pikel
  6537 | D:7      | Killed Pikel
  6537 | D:7      | Reached XP level 10. HP: 54/65 MP: 7/20
  6748 | D:7      | Reached skill level 5 in Fighting
  6990 | D:8      | Noticed a two-headed ogre
  7075 | D:8      | Killed a two-headed ogre
  7353 | D:8      | Noticed a two-headed ogre
  7439 | D:8      | Killed a two-headed ogre
  8489 | D:9      | Reached skill level 5 in Dodging
  8593 | D:9      | Reached XP level 11. HP: 77/77 MP: 16/21
  9060 | D:9      | Found a radiant altar of Vehumet.
  9349 | D:9      | Became a worshipper of Vehumet
  9616 | D:9      | Found a basalt altar of Yredelemnul.
 10229 | D:10     | Entered Level 10 of the Dungeon
 10250 | D:10     | Reached * piety under Vehumet
 10250 | D:10     | Offered knowledge of Sandblast by Vehumet.
 11083 | D:10     | Noticed Erolcha
 11127 | D:10     | Found a staircase to the Lair.
 11174 | D:10     | Reached ** piety under Vehumet
 11174 | D:10     | Offered knowledge of Throw Frost by Vehumet.
 11587 | D:11     | Noticed an eight-headed hydra
 11645 | D:11     | Noticed a purple ugly thing
 11660 | D:11     | Killed a purple ugly thing
 11660 | D:11     | Reached skill level 10 in Conjurations
 11665 | D:11     | Noticed Snorg
 11669 | D:11     | Noticed a purple ugly thing
 11974 | D:11     | Noticed Sonja
 11981 | D:11     | Killed Sonja
 12094 | D:11     | Killed an eight-headed hydra
 12427 | D:11     | Noticed a purple ugly thing
 12458 | D:11     | Killed a red ugly thing
 12458 | D:11     | Reached skill level 11 in Conjurations
 12484 | D:11     | Killed a brown ugly thing
 12484 | D:11     | Reached XP level 12. HP: 61/83 MP: 5/24
 12872 | D:11     | Got a coiled bone ring
 12873 | D:11     | Identified the ring "Cuschoma" {rF+++ rC+ Str+5 Dex-4
                  | Stlth+} (You found it on level 11 of the Dungeon)
 12912 | D:11     | Reached skill level 1 in Staves
 13081 | D:11     | Offered knowledge of Static Discharge by Vehumet.
 13651 | D:12     | Got a pitted bronze ring
 13653 | D:12     | Identified the ring of the Twelve Lovers {rF+ Str+7 Dex-4
                  | Stlth+} (You found it on level 12 of the Dungeon)
 13807 | D:12     | Noticed Azrael
 13982 | Lair:1   | Entered Level 1 of the Lair of Beasts
 14010 | Lair:1   | Reached *** piety under Vehumet
 14042 | Lair:1   | You fall into a shaft and drop 1 floor!
 14243 | Lair:2   | Noticed an eight-headed hydra
 14286 | Lair:2   | Reached skill level 5 in Stealth
 15167 | Lair:2   | Learned a level 1 spell: Summon Butterflies
 15516 | Lair:1   | Learned a level 3 spell: Stone Arrow
 15635 | Lair:1   | Offered knowledge of Olgreb's Toxic Radiance by Vehumet.
 15765 | Lair:1   | Noticed a seven-headed hydra
 16177 | Lair:3   | Found a staircase to the Shoals.
 16211 | Lair:3   | Slain by a merfolk

Levels and vault maps discovered:
D:1:      evilmike_arrival_fibonacci_small, layout_rooms
D:2:      layout_rooms, old_standard_altar, lemuel_crystal_altar,
          chequers_ecumenical_altar_twisty, hangedman_glass_teeth
D:3:      layout_loops_corners, lemuel_crystal_altar, elyvilon_altar_3,
          first_ration, minmay_fractal_squares_diagonal_5, uniq_grinder
D:4:      layout_basic, lemuel_doored_altar, serial_shops, kennysheep_mini,
          lemuel_flame_loot_1
D:5:      layout_basic, kennysheep_mini_moat, serial_curves, eino_curves_03,
          eino_curves_03
D:6:      layout_cave_pools, basic_altar, minmay_gold_behind_fungi
D:7:      layout_loops_ring, minmay_temple_entry_stoned_glass, the_bakery,
          minmay_stone_trees_small, abandoned_shop, minivault_19,
          minmay_ruffians, uniq_pikel
D:8:      wander_river, layout_cave_pools
D:9:      layout_roguey, lemuel_mausoleum_altar_yredelemnul,
          lemuel_crystal_altar
D:10:     layout_basic, minmay_lair_entry_grove, uniq_erolcha
D:11:     layout_irregular_city, minmay_diamond_spiral, uniq_sonja, uniq_snorg
D:12:     layout_loops_corners, kennysheep_orc_monster_closet_entryway,
          uniq_frances, uniq_azrael
Temple:   nicolae_temple_great_sept
Lair:1:   layout_regular_city
Lair:2:   layout_hall_layers, grunt_megastairs_5, lemuel_fruit_fields
Lair:3:   layout_cave_shapes, elwin_shoals_entry_stream, special_room
          [special_room_bee], minmay_holes, uniq_gastronok

Skill      XL: |  1  2  3  4  5  6  7  8  9 10 11 12 |
---------------+-------------------------------------+-----
Conjurations   | 5 6 7 9 11 | 11.6
Spellcasting   | 3 4 5 7 8 |  8.8
Fire Magic     | 5 |  5.6
Maces & Flails | 4 |  4.0
Fighting       | 4 8 |  8.2
Dodging        | 5 8 |  8.0
Staves         | 4 |  4.7
Stealth        | 7 |  7.1
Polearms       | |  0.3

Action                   |  1- 3 |  4- 6 |  7- 9 | 10-12 || total
-------------------------+-------+-------+-------+-------++-------
Melee: Unarmed           |    80 |    20 |       |       ||   100
       Constrict         |    18 |     5 |    18 |    28 ||    69
       Tentacles         |    11 |     7 |    16 |    41 ||    75
       Rapier            |       |     4 |    13 |       ||    17
       Short sword       |       |       |    44 |       ||    44
       Flail             |       |       |    16 |       ||    16
       Whip              |       |       |       |   147 ||   147
       Lajatang          |       |       |       |    90 ||    90
Throw: Dart              |     6 |       |       |    21 ||    27
 Cast: Magic Dart        |    52 |    20 |    50 |   185 ||   307
       Searing Ray       |       |    10 |    40 |   114 ||   164
       Dazzling Spray    |       |       |     9 |    43 ||    52
       Throw Flame       |       |       |       |    40 ||    40
       Force Lance       |       |       |       |    11 ||    11
       Fireball          |       |       |       |    12 ||    12
Evoke: Wand              |       |       |       |    10 ||    10
       Phial of floods   |       |       |       |     1 ||     1
  Use: Scroll            |       |       |       |    12 ||    12
       Potion            |       |       |       |     2 ||     2
 Stab: Sleeping          |     7 |     1 |     1 |     7 ||    16
       Paralysed         |       |       |       |     6 ||     6
       Distracted        |       |       |       |     1 ||     1
  Eat: Chunk             |     3 |     4 |     9 |    23 ||    39
       Ration            |       |     1 |       |     4 ||     5
Armor: Skin              |    21 |     9 |    16 |    94 ||   140
Dodge: Dodged            |    38 |    21 |    69 |   297 ||   425

Table legend:
 A = Non-vault XP
 B = Vault XP
 C = Vault XP percentage of total XP
 D = Non-vault monster count
 E = Vault monster count
 F = Vault count percentage of total count
                 A         B        C        D         E       F
            +---------+---------+-------+---------+---------+-------
      Total |   20009 |    8000 |  28.6 |     291 |      46 |  13.6
            +---------+---------+-------+---------+---------+-------
        D:1 |      21 |       0 |   0.0 |      13 |       0 |   0.0
        D:2 |      16 |       0 |   0.0 |       8 |       0 |   0.0
        D:3 |      38 |       9 |  19.1 |      22 |       5 |  18.5
        D:4 |     448 |       0 |   0.0 |      10 |       0 |   0.0
        D:5 |     204 |       0 |   0.0 |      11 |       0 |   0.0
        D:6 |    1383 |       0 |   0.0 |      33 |       0 |   0.0
        D:7 |    1192 |    2065 |  63.4 |      27 |       8 |  22.9
        D:8 |    3215 |       0 |   0.0 |      35 |       0 |   0.0
        D:9 |    2793 |     592 |  17.5 |      40 |      12 |  23.1
       D:10 |    1277 |    1421 |  52.7 |      32 |      11 |  25.6
       D:11 |    4152 |    2309 |  35.7 |      28 |       5 |  15.2
       D:12 |     947 |     202 |  17.6 |       7 |       1 |  12.5
     Lair:1 |    1038 |       0 |   0.0 |       7 |       0 |   0.0
     Lair:2 |    2893 |     843 |  22.6 |      15 |       2 |  11.8
     Lair:3 |     392 |     559 |  58.8 |       3 |       2 |  40.0
            +---------+---------+-------+---------+---------+-------
